 Dungeon Crawl Stone Soup version 0.22.1-5-g62c59d919a (webtiles) character file.

4192 Rediskos the Summoner (level 10, -6/59 HPs)
             Began as a Deep Elf Summoner on Jan 16, 2019.
             Was a Follower of Sif Muna.
             Mangled by a wyvern (15 damage)
             ... on level 1 of the Lair of Beasts.
             The game lasted 00:46:23 (12625 turns).

Rediskos the Summoner (Deep Elf Summoner)          Turns: 12625, Time: 00:46:24

Health: -6/59      AC:  6    Str:  5    XL:     10   Next: 8%
Magic:  25/25      EV: 13    Int: 28    God:    Sif Muna [*.....]
Gold:   794        SH:  0    Dex: 15    Spells: 3/27 levels left

rFire    + . .     SeeInvis +   a - staff of wizardry
rCold    . . .     Gourm    .   (no shield)
rNeg     . . .     Faith    .   e - +0 robe
rPois    .         Spirit   .   q - +0 helmet
rElec    .         Reflect  .   h - +2 cloak
rCorr    .         Harm     .   (no gloves)
MR       +....                  y - -1 pair of boots (curse)
Stlth    ++........             (no amulet)
HPRegen  0.19/turn              i - ring of protection from fire
MPRegen  0.19/turn              C - ring "Jokixano" {Int+4 SInv}

@: no status effects
A: no striking features
a: Divine Energy, Renounce Religion


You were on level 1 of the Lair of Beasts.
You worshipped Sif Muna.
Sif Muna was aware of your devotion.
You were near starving.

You visited 3 branches of the dungeon, and saw 11 of its levels.

You collected 794 gold pieces.

Inventory:

Hand Weapons
 b - a +0 blowgun
 r - a +3 dagger of venom
 s - a +0 dagger
 x - the +8 falchion of Moderation {freeze, Int+2, unknown}
   (You found it on level 8 of the Dungeon)

   It has been specially enchanted to freeze those struck by it, causing extra
   injury to most foes and up to half again as much damage against particularly
   susceptible opponents.
   It can also slow down cold-blooded creatures.
   It affects your intelligence (+2).
Missiles
 k - 44 poisoned needles
 P - 3 throwing nets (quivered)
Armour
 e - a +0 robe (worn)
 h - a +2 cloak (worn)
 q - a +0 helmet (worn)
 y - a cursed -1 pair of boots (worn)
 B - a +2 cloak of invisibility
 I - a +0 buckler
Magical Staves
 a - an uncursed staff of wizardry (weapon)
 E - an uncursed staff of fire {unknown}
Jewellery
 i - a ring of protection from fire (left hand)
 C - the ring "Jokixano" (right hand) {Int+4 SInv}
   (You found it on level 8 of the Dungeon)

   [ring of see invisible]

   It affects your intelligence (+4).
   It lets you see invisible.
 H - a cursed ring of attention {unknown}
 K - an uncursed ring of protection from fire
Wands
 o - a wand of digging (4)
 t - a wand of paralysis (4)
 v - a wand of random effects (27)
 F - a wand of clouds (6)
 L - a wand of iceblast (10)
 N - a wand of polymorph (3)
Scrolls
 f - a scroll of random uselessness
 g - 3 scrolls of blinking
 j - 2 scrolls of magic mapping
 l - 5 scrolls of teleportation
 n - 2 scrolls of enchant weapon
 p - a scroll of remove curse {unknown}
 u - a scroll of immolation
 G - a scroll of fog {unknown}
 J - 2 scrolls of amnesia {unknown}
Potions
 d - 4 potions of agility
 m - 3 potions of curing
 w - 2 potions of haste
 z - 2 potions of heal wounds {unknown}
 A - a potion of flight
 D - 2 potions of mutation
 M - a potion of magic {unknown}
 O - a potion of ambrosia {unknown}
Comestibles
 c - 14 rations


   Skills:
 + Level 5.4 Fighting
 - Level 2.4 Dodging
 - Level 2.4 Stealth
 + Level 2.5 Shields
 + Level 9.3 Spellcasting
 - Level 5.1 Hexes
 * Level 9.8 Summonings
 - Level 2.0 Ice Magic
 - Level 5.0 Air Magic


You had 3 spell levels left.
You knew the following spells:

 Your Spells              Type           Power        Failure   Level  Hunger
a - Summon Ice Beast      Ice/Summ       #####...     1%          4    None
b - Summon Small Mammal   Summ           ####         1%          1    None
c - Call Imp              Summ           ######..     1%          2    None
d - Summon Guardian Gole  Hex/Summ       ######..     1%          3    None
e - Inner Flame           Hex/Fire       ####....     1%          3    None
f - Cause Fear            Hex            #####.....   2%          4    None
s - Call Canine Familiar  Summ           ######..     1%          3    None
x - Summon Lightning Spi  Summ/Air       ######..     1%          4    None

Your spell library contained the following spells:

 Spells                   Type           Power        Failure   Level  Hunger
 Corona                   Hex            #####..      1%          1    None
 Magic Dart               Conj           ##..         1%          1    None
 Sandblast                Erth           ##....       1%          1    None
 Slow                     Hex            #####...     1%          2    None
 Portal Projectile        Hex/Tloc       ####..       1%          3    None
 Blink                    Tloc           N/A          2%          2    None
 Passwall                 Tmut/Erth      ##......     2%          2    None
 Mephitic Cloud           Conj/Pois/Air  ###.....     2%          3    None
 Conjure Flame            Conj/Fire      ##......     5%          3    None
 Stone Arrow              Conj/Erth      ##....       5%          3    None
 Leda's Liquefaction      Hex/Erth       ####......   6%          4    None
 Petrify                  Tmut/Erth      ##......     17%         4    None
 Lee's Rapid Deconstruct  Erth           ##........   43%         5    ####...


Dungeon Overview and Level Annotations

Branches:
Dungeon (9/15)             Temple (1/1) D:7            Lair (1/6) D:9
    Orc: D:9-12

Altars:
Ashenzari
Cheibriados
Dithmenos
Elyvilon
Fedhas
Gozag
Hepliaklqana
Kikubaaqudgha
Makhleb
Nemelex Xobeh
Okawaru
Qazlal
Ru
Sif Muna
Trog
Uskayaw
Vehumet
Wu Jian
Xom
Yredelemnul
Zin
The Shining One

Annotations:
Lair:1 1 runed door, DiMakss's ghost, journeyman DrTm


Message History

The wyvern barely misses you. The wyvern bites you!
What are your orders? t - Shout!
Orders for allies: a - Attack new target. r - Retreat! s - Stop attacking. g - Guard the area. f - Follow me.
Anything else - Cancel.
Gang up on whom?
Press: ? - help, Dir - move target cursor, f - wyvern
Aim: a wyvern (heavily wounded) Attack!
The wyvern bites you!
Your warg closely misses the wyvern.
The wyvern bites you!
Your warg barely misses the wyvern.
The wyvern bites you!
* * * LOW HITPOINT WARNING * * *
Your warg bites the wyvern but does no damage.
The wyvern barely misses you.
Your warg bites the wyvern!
Your warg barely misses the wyvern.
The wyvern misses you.
Your warg bites the wyvern.
The wyvern bites you!
You die...

# #### ######...#
###############
..........................
#........ ................
#.....######P.##....PP###.
......#........#..........
#.....#........#.l..#.....
#.....#.........@h..# ...
#.....#........#....# .. .
+.....#........#....#...
#.....#..................
......#........#.........
......####..P###....#.....
......................#...
..........................
..........................


You could see a wyvern and a friendly warg.

Vanquished Creatures
  An ogre (D:4)
  An iguana (D:4)
  A giant cockroach (D:3)
3 creatures vanquished.

Vanquished Creatures (collateral kills)
  Harold (Lair:1)
  A hydra (Lair:1)
  Erica (Lair:1)
  A two-headed ogre (D:9)
  Pikel (D:5)
  A black mamba (Lair:1)
  A komodo dragon (D:9)
  Grinder (D:4)
  A hippogriff (D:8)
  Sigmund (D:6)
  Grum (D:9)
  2 hungry ghosts
  A vampire mosquito (D:8)
  A water moccasin (D:6)
  A porcupine (Lair:1)
  Duvessa (D:7)
  An orc warrior (D:9)
  An ice beast (D:5)
  A sky beast (D:6)
  4 ogres
  4 phantoms
  A centaur (D:8)
  2 wolves (D:9)
  2 crocodiles
  4 bullfrogs
  A wyvern zombie (D:8)
  Dowan (D:7)
  A scorpion (D:8)
  3 electric eels (D:8)
  3 wights (D:9)
  2 howler monkeys
  5 crimson imps
  A bullfrog zombie (D:6)
  A centaur skeleton (D:8)
  A bullfrog skeleton (D:6)
  4 hounds
  A jelly (D:6)
  An orc priest (D:3)
  4 orc wizards
  5 worker ants
  A hound skeleton (D:6)
  A hound zombie (D:9)
  A howler monkey zombie (D:9)
  2 worker ant zombies
  9 adders
  5 gnolls
  A shadow imp (D:8)
  An ooze (D:2)
  6 worms
  4 dart slugs
  6 leopard geckos
  10 orcs
  5 bats
  4 giant cockroaches
  9 goblins
  7 hobgoblins
  7 jackals
  7 kobolds
  4 quokkas
  2 ball pythons (D:3)
  3 frilled lizards (D:2)
  A jackal skeleton (D:8)
  A quokka skeleton (D:4)
  8 rats
  A plant (D:9)
177 creatures vanquished.

Vanquished Creatures (others)
  A worker ant (D:5)
  A leopard gecko (D:5)
  A giant cockroach (D:5)
  A plant (D:9)
4 creatures vanquished.

Grand Total: 184 creatures vanquished

Notes
Turn   | Place    | Note
-------+----------+-------------------------------------------
     0 | D:1      | Rediskos the Deep Elf Summoner began the quest for the Orb.
     0 | D:1      | Reached XP level 1. HP: 10/10 MP: 6/6
   428 | D:1      | Reached XP level 2. HP: 16/16 MP: 5/8
   456 | D:1      | Learned a level 2 spell: Call Imp
   675 | D:1      | Reached skill level 5 in Summonings
  1421 | D:2      | Reached XP level 3. HP: 20/20 MP: 10/10
  1426 | D:2      | Learned a level 3 spell: Call Canine Familiar
  1947 | D:2      | Reached skill level 1 in Fighting
  3003 | D:3      | Reached XP level 4. HP: 11/25 MP: 2/11
  4220 | D:4      | Noticed an ogre
  4237 | D:4      | Killed an ogre
  4237 | D:4      | Reached XP level 5. HP: 29/29 MP: 10/13
  4251 | D:4      | Learned a level 4 spell: Summon Lightning Spire
  4318 | D:4      | Noticed Grinder
  4320 | D:4      | Paralysed by Grinder for 3 turns
  4354 | D:4      | Paralysed by Grinder for 7 turns
  4382 | D:4      | Killed Grinder
  4382 | D:4      | Reached skill level 1 in Air Magic
  4516 | D:4      | Reached XP level 6. HP: 35/35 MP: 8/15
  4522 | D:4      | Learned a level 4 spell: Summon Ice Beast
  4557 | D:4      | Reached skill level 5 in Spellcasting
  4605 | D:4      | Found a deep blue altar of Sif Muna.
  4928 | D:5      | Entered Level 5 of the Dungeon
  5293 | D:5      | Noticed Pikel
  5298 | D:5      | Noticed a slave
  5301 | D:5      | Noticed a slave
  5305 | D:5      | Noticed a slave
  5306 | D:5      | Noticed a slave
  5311 | D:5      | Killed Pikel
  5311 | D:5      | Reached XP level 7. HP: 32/40 MP: 10/17
  5851 | D:5      | Learned a level 3 spell: Summon Guardian Golem
  6385 | D:6      | Noticed Sigmund
  6402 | D:6      | Killed Sigmund
  6742 | D:6      | Reached XP level 8. HP: 46/46 MP: 10/19
  6752 | D:6      | Reached skill level 1 in Ice Magic
  7570 | D:7      | Noticed Duvessa
  7576 | D:7      | Noticed Dowan
  7582 | D:7      | Killed Duvessa
  7582 | D:7      | Reached skill level 5 in Air Magic
  7583 | D:7      | Killed Dowan
  7689 | D:7      | Found a staircase to the Ecumenical Temple.
  7704 | Temple   | Entered the Ecumenical Temple
  8049 | D:7      | Learned a level 3 spell: Inner Flame
  8240 | D:7      | Found a faded altar of an unknown god.
  8240 | D:7      | Found an ornate altar of the Wu Jian Council.
  8245 | D:7      | Found a faded altar of an unknown god.
  8247 | D:7      | Found a hide-covered altar of Uskayaw.
  8249 | D:7      | Found a radiant altar of Vehumet.
  8457 | D:4      | Became a worshipper of Sif Muna the Loreminder
  9334 | D:8      | Got a crude falchion
  9733 | D:8      | Noticed an Executioner
  9733 | D:8      | Noticed a hippogriff
  9738 | D:8      | Found a burning altar of Makhleb.
  9746 | D:8      | Killed a hippogriff
  9807 | D:8      | Found a glowing silver altar of Zin.
  9807 | D:8      | Noticed an angel
 10068 | D:8      | Got an ancient tin ring
 10161 | D:8      | Found an opulent altar of Gozag.
 10180 | D:8      | Identified the ring "Jokixano" {Int+4 SInv} (You found it
                  | on level 8 of the Dungeon)
 10370 | D:8      | Reached skill level 1 in Hexes
 10370 | D:8      | Reached XP level 9. HP: 52/52 MP: 19/23
 10412 | D:8      | Learned a level 4 spell: Cause Fear
 11054 | D:9      | Found a blossoming altar of Fedhas.
 11091 | D:9      | Found a snail-covered altar of Cheibriados.
 11176 | D:9      | Noticed Grum
 11204 | D:9      | Killed Grum
 11405 | D:9      | Noticed a two-headed ogre
 11418 | D:9      | Killed a two-headed ogre
 11418 | D:9      | Reached * piety under Sif Muna
 11418 | D:9      | Reached skill level 1 in Shields
 11608 | D:9      | Noticed a komodo dragon
 11609 | D:9      | Found a staircase to the Lair.
 11643 | D:9      | Killed a komodo dragon
 11667 | Lair:1   | Entered Level 1 of the Lair of Beasts
 11767 | Lair:1   | Noticed Harold
 11781 | Lair:1   | Killed Harold
 11781 | Lair:1   | Reached skill level 5 in Fighting
 11781 | Lair:1   | Reached skill level 5 in Hexes
 11885 | Lair:1   | Noticed a black mamba
 11901 | Lair:1   | Killed a black mamba
 12255 | Lair:1   | Noticed a seven-headed hydra
 12270 | Lair:1   | Noticed Erica
 12274 | Lair:1   | Killed a seven-headed hydra
 12274 | Lair:1   | Reached XP level 10. HP: 59/59 MP: 7/25
 12300 | Lair:1   | Killed Erica
 12492 | Lair:1   | Found a runed door.
 12493 | Lair:1   | Noticed DiMakss's ghost (journeyman DrTm)
 12625 | Lair:1   | Mangled by a wyvern

Skill      XL: |  1  2  3  4  5  6  7  8  9 |
---------------+----------------------------+-----
Summonings     | 5 6 7 8 9 |  9.8
Fighting       | 1 2 3 4 5 |  5.4
Spellcasting   | 4 5 6 8 9 |  9.3
Air Magic      | 1 3 4 5 |  5.0
Ice Magic      | 2 |  2.0
Hexes          | 1 5 |  5.1
Shields        | 2 |  2.5
Dodging        | |  2.4
Stealth        | |  2.4

Action                   |  1- 3 |  4- 6 |  7- 9 | 10-12 || total
-------------------------+-------+-------+-------+-------++-------
Melee: Unarmed           |    10 |       |       |       ||    10
       Dagger            |     6 |    10 |       |       ||    16
       Staff             |       |       |     3 |       ||     3
 Fire: Blowgun           |       |    14 |       |       ||    14
 Cast: Summon Small Mamm |    20 |       |       |       ||    20
       Call Imp          |    47 |    25 |     3 |       ||    75
       Call Canine Famil |     2 |    12 |    35 |     1 ||    50
       Summon Lightning  |       |     2 |    11 |     1 ||    14
       Summon Ice Beast  |       |       |    45 |       ||    45
       Summon Guardian G |       |       |     1 |     1 ||     2
  Use: Scroll            |     3 |       |    13 |       ||    16
       Potion            |       |     1 |     2 |       ||     3
 Stab: Distracted        |       |     2 |       |       ||     2
  Eat: Chunk             |     8 |     8 |    14 |       ||    30
       Ration            |       |       |     3 |       ||     3
Armor: Robe              |    20 |    11 |    17 |     1 ||    49
Dodge: Dodged            |    48 |    14 |    55 |     5 ||   122
